Map: Magannatha LE

Players

Krieg

  • Race: Protoss Protoss
  • League: Gold
  • Spawn Location: 11:00

Sindyr - Winner!

  • Race: Terran Terran
  • League: Master
  • Spawn Location: 5:00

VOD

Have the link to the VOD?

Description

Time

  • Played on: Oct. 25, 2025, 11:12 a.m.
  • Length: 19:16
Show
View Real Time Build Order
Export as new Build Order

Krieg Protoss 

Build Orders:  

Get SALT Encoding   

  12  0:09  Pylon  
  12  0:14  Probe  
  13  0:22  Probe  
  14  0:33  Gateway  
  14  0:35  Probe  
  15  0:44  Assimilator  
  15  0:47  Probe  
  16  0:59  Probe  
  16  1:01  Gateway  
  17  1:11  Probe  
  18  1:22  Cybernetics Core  
  18  1:28  Zealot  
  18  1:29  Pylon  
  20  1:37  Pylon  
  20  1:38  Warp Gate  
  20  1:42  Probe  
  21  2:03  Adept  
  21  2:06  Adept  
  25  2:20  Gateway  
  25  2:26  Assimilator  
  25  2:28  Probe  
  26  2:33  Stalker  
  28  2:40  Adept  
  28  2:42  Probe  
  31  2:54  Probe  
  32  3:09  Robotics Facility  
  32  3:17  Pylon  
  32  3:55  Pylon  
  24  4:20  Stalker  
  24  4:21  Stalker  
  24  4:22  Zealot  
  28  4:27  Immortal  
  30  4:48  Zealot  
  30  4:50  Zealot  
  30  4:51  Adept  
  32  4:59  Gateway  
  32  5:01  Shield Battery  
  32  5:12  Zealot  
  32  5:13  Sentry  
  36  5:15  Adept  
  38  5:29  Pylon  
  38  5:33  Stalker  
  40  5:36  Zealot  
  40  5:40  Stalker  
  44  5:49  Shield Battery  
  44  5:57  Stalker  
  44  5:58  Adept  
  44  6:04  Zealot  
  50  6:08  Shield Battery  
  50  6:17  Stalker  
  52  6:26  Zealot  
  52  6:28  Adept  
  50  6:55  Stalker  
  50  6:56  Stalker  
  50  6:58  Sentry  
  56  7:01  Adept  
  56  7:04  Warp Prism  
  60  7:48  Pylon  
  60  7:50  Stargate  
  60  7:55  Sentry  
  60  7:57  Nexus  
  62  8:04  Forge  
  62  8:06  Immortal  
  66  8:15  Pylon  
  64  8:21  Protoss Air Weapons Level 1  
  64  8:22  Adept  
  70  8:46  Void Ray  
  70  8:49  Twilight Council  
  66  9:00  Zealot  
  66  9:11  Probe  
  67  9:23  Probe  
  48  9:35  Probe  
  33  9:47  Probe  
  33  9:48  Zealot  
  33  9:50  Charge  
  32  9:58  Dark Shrine  
  32  10:04  Shield Battery  
  32  10:13  Gateway  
  32  10:19  Assimilator, Stalker  
  32  10:20  Sentry  
  36  10:30  Shield Battery  
  36  10:45  Robotics Bay  
  36  10:47  Zealot  
  36  10:49  Zealot  
  40  11:06  Dark Shrine  
  40  11:10  Assimilator  
  40  11:20  Zealot  
  40  11:21  Dark Templar  
  40  11:25  Probe  
  45  11:33  Probe  
  46  11:40  Colossus  
  46  11:43  Probe, Pylon  
  53  11:55  Probe  
  54  12:03  Probe  
  54  12:05  Protoss Ground Weapons Level 1  
  55  12:11  Probe  
  55  12:12  Extended Thermal Lance  
  56  12:21  Probe  
  57  12:36  Nexus  
  57  12:48  Dark Templar  
  57  12:51  Stalker  
  61  12:55  Phoenix  
  63  13:06  Probe  
  64  13:14  Protoss Air Armor Level 1  
  64  13:19  Probe  
  69  13:29  Void Ray  
  69  13:33  Colossus  
  75  13:39  Probe  
  76  13:51  Fleet Beacon  
  76  13:57  Photon Cannon  
  76  14:19  Probe  
  76  14:20  Assimilator  
  76  14:21  Sentry  
  79  14:26  Colossus  
  83  14:35  Zealot  
  83  14:37  Dark Templar  
  87  14:39  Stalker  
  89  14:59  Stalker  
  91  15:01  Sentry  
  47  15:23  Dark Templar  
  47  15:24  Dark Templar  
  47  15:26  Dark Templar  
  45  15:49  Dark Templar  
  22  16:07  Dark Templar  
  24  16:17  Gateway  
  24  16:24  Gateway  
  24  16:25  Zealot  
  23  16:49  Zealot  
  21  17:28  Dark Templar  
  21  17:29  Zealot  
  25  17:30  Nexus  
  18  17:46  Pylon  
  13  17:58  Pylon  
  3  18:26  Nexus  
  1  18:44  Probe  
  1  18:45  Gateway  
  2  18:52  Probe  
  2  19:01  Probe  
Show
View Real Time Build Order
Export as new Build Order

Sindyr Terran - Winner!

Build Orders:  

Get SALT Encoding   

  12  0:01  SCV  
  13  0:13  SCV  
  14  0:17  Supply Depot  
  14  0:25  SCV  
  15  0:39  SCV  
  15  0:42  Barracks  
  16  0:51  SCV  
  17  1:03  SCV  
  18  1:13  Refinery  
  18  1:15  SCV  
  19  1:29  Orbital Command  
  19  1:32  Supply Depot  
  19  1:49  Command Center  
  19  1:56  SCV  
  20  2:08  SCV  
  21  2:15  Factory  
  21  2:20  Refinery, SCV  
  22  2:32  SCV  
  23  2:39  Barracks  
  23  2:44  SCV  
  24  2:54  Barracks  
  24  2:56  SCV  
  25  2:58  Barracks  
  25  3:00  Starport, Factory Reactor  
  25  3:08  Barracks Reactor  
  25  3:09  SCV  
  26  3:31  Marine  
  27  3:38  Widow Mine x2  
  31  3:49  Marine  
  31  3:50  Marine x2  
  31  3:51  Marine x2  
  31  4:06  Marine  
  31  4:08  Marine x2  
  29  4:24  Marine  
  29  4:28  Orbital Command  
  29  4:30  SCV  
  31  4:35  Barracks Tech Lab  
  31  4:42  SCV  
  31  4:44  Marine x2, Factory Tech Lab  
  33  4:54  Engineering Bay, SCV  
  33  4:56  Barracks Tech Lab  
  33  4:59  Stimpack  
  32  5:02  Barracks Reactor  
  32  5:06  SCV  
  33  5:18  SCV  
  34  5:21  Sensor Tower  
  34  5:24  SCV  
  35  5:30  SCV  
  35  5:31  Supply Depot  
  36  5:36  Terran Infantry Weapons Level 1, SCV  
  36  5:42  SCV  
  38  5:43  Marine x4  
  38  5:46  Marine  
  38  5:48  SCV  
  44  5:54  Siege Tank, SCV  
  44  5:55  Supply Depot  
  48  6:01  SCV  
  48  6:02  Bunker  
  49  6:06  Marine x2, SCV  
  49  6:07  Marine x3  
  55  6:13  SCV  
  55  6:16  Marine  
  57  6:19  SCV, Medivac  
  57  6:20  Medivac  
  57  6:24  Marine x3  
  57  6:25  SCV  
  45  6:41  Marine x3  
  45  6:42  Marine x3  
  49  6:47  Orbital Command  
  49  6:49  Medivac  
  48  6:59  Marine x3  
  48  7:00  Marine x3  
  46  7:16  Marine  
  46  7:17  Marine  
  47  7:39  Command Center  
  47  7:43  Marine x2  
  49  7:46  Marine  
  49  7:50  Marine  
  49  8:30  Command Center  
  49  8:31  Missile Turret  
  49  8:35  Missile Turret  
  49  8:36  Marine  
  49  8:37  Marine  
  49  8:39  Marine  
  49  8:40  Missile Turret  
  52  8:42  Marine  
  53  8:48  Terran Infantry Armor Level 1  
  53  8:59  Marine  
  53  9:00  Marine x3  
  57  9:11  Supply Depot  
  51  9:48  Orbital Command  
  51  9:49  SCV  
  52  10:02  SCV  
  53  10:14  SCV  
  54  10:26  SCV, Marine  
  54  10:27  Marine x3, Combat Shield  
  54  10:28  Refinery x2  
  59  10:36  Missile Turret  
  59  10:38  SCV  
  59  10:39  Missile Turret  
  60  10:47  Armory  
  60  11:01  Engineering Bay  
  56  11:12  Marine x3  
  56  11:13  Marine x3  
  62  11:23  SCV  
  62  11:24  SCV  
  64  11:30  Marine x6  
  70  11:36  SCV x2  
  72  11:45  Command Center  
  72  11:48  SCV, Marine, Medivac  
  72  11:51  Medivac  
  78  12:05  Missile Turret  
  78  12:07  Missile Turret x2  
  78  12:12  Terran Infantry Weapons Level 2  
  78  12:15  Terran Infantry Armor Level 2  
  78  12:27  Concussive Shells  
  78  12:41  Sensor Tower  
  78  12:48  Marine x6  
  78  12:49  Sensor Tower  
  84  13:00  Medivac  
  84  13:03  Medivac  
  88  13:06  Marine x6  
  88  13:11  Orbital Command  
  94  13:23  SCV x2  
  96  13:27  Sensor Tower  
  96  13:35  SCV x2  
  96  13:37  Marine  
  96  13:38  Marine x3  
  96  13:39  Marine x2  
  104  13:59  Marine  
  104  14:00  Marine x5  
  110  14:06  Sensor Tower  
  110  14:09  Supply Depot x2  
  110  14:12  Supply Depot  
  110  14:17  Marine  
  111  14:33  SCV  
  111  14:34  SCV x2  
  114  14:39  Terran Infantry Armor Level 3, Terran Infantry Weapons Level 3  
  114  14:45  SCV  
  114  14:46  SCV x2  
  117  14:56  Refinery, Marine  
  117  14:57  Marine x5  
  117  14:58  SCV x3  
  126  15:10  SCV x3  
  123  15:14  Marine x4  
  125  15:22  SCV x2  
  126  15:47  Marine x5  
  126  15:48  Marauder  
  119  16:07  Marine x5  
  119  16:09  Marine  
  125  16:24  Marine  
  125  16:25  Marine x4  
  130  16:37  Refinery  
  123  16:54  Marine x2  
  123  16:55  Marine x2  
  123  17:00  Marine x2  
  119  17:34  SCV  
  119  17:35  SCV x2  
  120  17:47  SCV x3  
  123  17:59  SCV x3  
  123  18:02  Marine x2  
  123  18:03  Marine x4  
  132  18:11  SCV x3  
  135  18:20  Marine x6  
  141  18:34  Command Center  
  141  19:02  Supply Depot  
  141  19:04  Supply Depot  
  141  19:05  Supply Depot  
  141  19:06  Supply Depot  
  141  19:12  Supply Depot  
Tags
 
Matchup
PvT
Replay Pack
Multiplayer
Spawn Locations
Cross Positions
Add a new tag
Caveats
  • Supply blocks, unpowered buildings, or Contaminate may cause inaccurate times.
  • Supply counts are checked every 10 seconds.